 Dungeon Crawl Stone Soup version 0.20-b1-24-gb21faa7 (webtiles) character file.

2125 Inarius the Magician (level 9, -2/67 HPs)
             Began as a Purple Draconian Venom Mage on May 24, 2017.
             Was a Follower of Vehumet.
             Slain by an orc warrior
             ... wielding a +0 halberd
              (21 damage)
             ... on level 8 of the Dungeon on May 25, 2017.
             The game lasted 00:52:53 (8595 turns).

Inarius the Magician (Purple Draconian Venom Mage)  Turns: 8595, Time: 00:52:55

Health: -2/67      AC:  8    Str: 11    XL:     9   Next: 8%
Magic:  11/19      EV: 13    Int: 18    God:    Vehumet [*.....]
Gold:   318        SH:  0    Dex: 12    Spells: 2/22 levels left

rFire    + . .     SeeInvis .   b - +1 trident (flame)
rCold    . . .     Gourm    .   (no shield)
rNeg     . . .     Faith    +   (armour unavailable)
rPois    .         Spirit   .   (helmet restricted)
rElec    .         Reflect  .   j - +0 cloak
rCorr    .         Harm     .   (no gloves)
MR       +....                  (no boots)
Stlth    ++........             r - amulet of faith
Regen    0.3/turn               K - ring of fire (curse)
MPRegen  0.2/turn               C - ring of protection from cold (curse)

@: no status effects
A: breathe power, unfitting armour, big wings, stinger 2, screaming 1,
cold-blooded, AC +7
a: Breathe Dispelling Energy, Fly, Renounce Religion


You were on level 8 of the Dungeon.
You worshipped Vehumet.
Vehumet was aware of your devotion.
You were not hungry.

You visited 2 branches of the dungeon, and saw 9 of its levels.

You collected 373 gold pieces.
You spent 55 gold pieces at shops.

Inventory:

Hand Weapons
 a - the +2 hunting sling "Dejousa" {freeze, rElec rPois rF-}
   (You took it off a crimson imp on level 6 of the Dungeon)

   It causes projectiles fired from it to freeze those they strike, causing
   extra injury to most foes and up to half again as much damage against
   particularly susceptible opponents.
   They can also slow down cold-blooded creatures.
   It makes you vulnerable to fire.
   It insulates you from electricity.
   It protects you from poison.
 b - a +1 trident of flaming (weapon)
 z - a +1 war axe of freezing
Missiles
 G - 75 sling bullets
Armour
 j - a +0 cloak (worn)
Jewellery
 f - a +5 ring of evasion
 r - an amulet of faith (around neck)
 B - an uncursed amulet of guardian spirit
 C - a cursed ring of protection from cold (right hand)
 K - a cursed ring of fire (left hand)
Wands
 w - a wand of random effects (21/48)
Scrolls
 c - 8 scrolls of remove curse
 e - a scroll of magic mapping {unknown}
 g - 5 scrolls of teleportation
 o - a scroll of enchant armour
 q - a scroll of amnesia
 v - a scroll of fear
 y - a scroll of noise {unknown}
 D - a scroll of fog
Potions
 h - 3 potions of flight
 k - 8 potions of curing
 l - 2 potions of might
 m - 2 potions of haste
 n - 2 potions of resistance
 p - a potion of brilliance
 s - 3 potions of invisibility
 u - 4 potions of lignification {unknown}
 A - a potion of ambrosia
 E - a potion of heal wounds {unknown}
 H - a potion of berserk rage
Books
 i - a Young Poisoner's Handbook

   Spells                             Type                      Level
   a - Sting                          Conjuration/Poison           1
   b - Poisonous Vapours              Poison/Air                   2
   c - Mephitic Cloud                 Conjuration/Poison/Air       3
   d - Olgreb's Toxic Radiance        Poison                       4
   e - Venom Bolt                     Conjuration/Poison           5
 I - a book of Necromancy

   Spells                             Type                      Level
   a - Pain                           Necromancy                   1
   b - Animate Skeleton               Necromancy                   1
   c - Vampiric Draining              Necromancy                   3
   d - Regeneration                   Charms/Necromancy            3
   e - Animate Dead                   Necromancy                   4
   f - Control Undead                 Necromancy                   4
Comestibles
 d - 4 royal jellies
 t - 2 fruits
 x - 3 bread rations
 F - 9 meat rations
 J - a chunk of flesh


   Skills:
 + Level 2.1 Fighting
   Level 1.3 Short Blades
 - Level 1.8 Polearms
 + Level 3.6 Dodging
 - Level 2.3 Stealth
 + Level 7.1 Spellcasting
 + Level 2.7 Conjurations
 + Level 0.4 Necromancy
 + Level 0.2 Fire Magic
 + Level 5.1 Air Magic
 + Level 7.0 Poison Magic


You had 2 spell levels left.
You knew the following spells:

 Your Spells              Type           Power        Failure   Level  Hunger
a - Sting                 Conj/Pois      ###.         1%          1    None
b - Poisonous Vapours     Pois/Air       ####..       1%          2    None
c - Olgreb's Toxic Radia  Pois           ####....     6%          4    ####...
d - Venom Bolt            Conj/Pois      ###.......   36%         5    #####..
e - Mephitic Cloud        Conj/Pois/Air  ###.....     4%          3    ##.....
f - Animate Dead          Necr           N/A          65%         4    ####...
g - Flame Tongue          Conj/Fire      ###..        6%          1    None


Dungeon Overview and Level Annotations

Branches:
Dungeon (8/15)             Temple (1/1) D:6
   Lair: D:8-11

Altars:
Ashenzari
Cheibriados
Dithmenos
Elyvilon
Fedhas
Gozag
Hepliaklqana
Kikubaaqudgha
Nemelex Xobeh
Okawaru
Qazlal
Ru
Sif Muna
Trog
Uskayaw
Vehumet
Xom
Yredelemnul
Zin
The Shining One

Shops:
D:4 ?


Innate Abilities, Weirdness & Mutations

You can breathe bolts of dispelling energy.
Your rich purple scales are hard. (AC +7)
You cannot fit into any form of body armour.
You are cold-blooded and may be slowed by cold attacks.
Your large and strong wings let you fly indefinitely.
Your tail ends in a sharp poisonous barb.
You occasionally shout uncontrollably at your foes.


Message History

Confirm with . or Enter, or press ? or * to list all spells.
Aiming: Poisonous Vapours
Press: ? - help, Dir - move target cursor, f - wyvern
Aim: a wyvern Poisonous vapours surround the wyvern!
The wyvern is engulfed in poison gas.
The wyvern is poisoned.
The wyvern bites you but does no damage.
The orc warrior closely misses you.
Casting: Poisonous Vapours
Confirm with . or Enter, or press ? or * to list all spells.
Aiming: Poisonous Vapours
Press: ? - help, Dir - move target cursor, f/p - wyvern
Aim: a wyvern (moderately wounded, poisoned) Poisonous vapours surround the wyvern!
The wyvern is engulfed in poison gas.
The wyvern looks even sicker.
The wyvern bites you.
* * * LOW HITPOINT WARNING * * *
The wyvern is engulfed in poison gas.
The wyvern looks even sicker.
The wyvern bites you but does no damage.
The orc warrior hits you from afar with a halberd!!
You die...

.#.#.#.#.#.#.#.#.##.#....#..
#.#.#.#.#.#.#.#.#............
.#÷#.#.#.#.#.#.#.##.#...#.###
#.#.#.#.#.#.#.#.#.....###.#
.#.#.#.#.#.#.#.#.#)...# #
#.#.#.#.#.#.#.#.#.#...#
.#.#.#.#.#.#.#.#.##.###
#.#.#.#.#.#.#.#.#.#..
.#.#.#.#.#.#.#.#@####.
#.#.#.#.#.#.#.#l#)..#.#
##.#..........o).>#.# # .###
#########..# # # ..# .# ..#
##+#.#.# ... .....#.# ..##
..≈..#.# # ..#


You could see an orc warrior and a wyvern.

Vanquished Creatures
  Eustachio (D:6)
  A hungry ghost (D:7)
  2 ice beasts
  2 sky beasts
  A black bear (D:7)
  2 ogres (D:5)
  An orc warrior (D:5)
  A crocodile (D:3)
  A centaur (D:4)
  A big kobold (D:5)
  Blork the orc (D:5)
  2 bullfrogs
  A scorpion (D:7)
  5 crimson imps
  A hound (D:6)
  A bullfrog skeleton (D:6)
  5 orc wizards
  2 iguanas
  3 worker ants
  A hound zombie (D:5)
  A worker ant zombie (D:7)
  2 adders
  2 shadow imps
  An adder zombie (D:5)
  4 worms
  4 dart slugs
  4 leopard geckos
  22 orcs
  A ball python (D:3)
  3 giant cockroaches
  3 goblins
  5 hobgoblins
  18 kobolds
  2 quokkas (D:3)
  7 bats
  6 frilled lizards
  A leopard gecko skeleton (D:6)
  2 leopard gecko zombies (D:5)
  9 rats
132 creatures vanquished.

Vanquished Creatures (others)
  5 toadstools (D:1)
5 creatures vanquished.

Grand Total: 137 creatures vanquished

Notes
Turn   | Place    | Note
-------+----------+-------------------------------------------
     0 | D:1      | Inarius the Draconian Venom Mage began the quest for the Orb.
     0 | D:1      | Reached XP level 1. HP: 14/14 MP: 3/3
   169 | D:1      | Reached XP level 2. HP: 20/20 MP: 0/5
   173 | D:1      | Learned a level 2 spell: Poisonous Vapours
   829 | D:1      | Reached XP level 3. HP: 23/26 MP: 4/6
  1132 | D:2      | Found a bloodstained altar of Trog.
  1712 | D:2      | Reached skill level 1 in Air Magic
  2715 | D:2      | Reached XP level 4. HP: 33/33 MP: 2/7
  2849 | D:3      | Learned a level 4 spell: Olgreb's Toxic Radiance
  3041 | D:3      | Found a blossoming altar of Fedhas.
  3198 | D:3      | Noticed a crocodile
  3202 | D:3      | Killed a crocodile
  3202 | D:3      | Reached skill level 1 in Short Blades
  3202 | D:3      | Reached XP level 5. HP: 38/38 MP: 0/9
  3303 | D:3      | Noticed a fire elemental
  3304 | D:3      | Found a stormy altar of Qazlal.
  3635 | D:3      | Noticed a water elemental
  3636 | D:3      | Noticed an air elemental
  4045 | D:4      | Found Yfav's Magic Scroll Shoppe.
  4051 | D:4      | Bought a scroll of identify for 22 gold pieces
  4051 | D:4      | Bought a scroll of teleportation for 33 gold pieces
  4134 | D:4      | Noticed a centaur
  4138 | D:4      | Killed a centaur
  4138 | D:4      | Reached XP level 6. HP: 36/46 MP: 1/11
  4435 | D:5      | Entered Level 5 of the Dungeon
  4435 | D:5      | Noticed Blork the orc
  4441 | D:5      | Killed Blork the orc
  4441 | D:5      | Reached skill level 1 in Fighting
  4607 | D:5      | Learned a level 5 spell: Venom Bolt
  4782 | D:5      | Reached skill level 5 in Poison Magic
  4782 | D:5      | Your scales start taking on a rich purple colour.
  4782 | D:5      | Reached XP level 7. HP: 52/52 MP: 5/13
  4891 | D:5      | Reached skill level 1 in Polearms
  5143 | D:5      | Found a basalt altar of Yredelemnul.
  5143 | D:5      | Found an opulent altar of Gozag.
  5147 | D:5      | Found an iron altar of Okawaru.
  5155 | D:5      | Learned a level 3 spell: Mephitic Cloud
  6001 | D:6      | Found a snail-covered altar of Cheibriados.
  6034 | D:6      | Noticed Eustachio
  6185 | D:5      | Reached skill level 5 in Spellcasting
  6400 | D:6      | Killed Eustachio
  6400 | D:6      | Reached XP level 8. HP: 60/60 MP: 1/16
  6744 | D:6      | Found a staircase to the Ecumenical Temple.
  6760 | Temple   | Entered the Ecumenical Temple
  6823 | Temple   | Became a worshipper of Vehumet
  7194 | D:6      | Got a scorched hunting sling
  7195 | D:6      | Identified the +2 hunting sling "Dejousa" {freeze, rElec rPois rF-} (You took it off a crimson imp on level 6 of the Dungeon)
  7554 | D:7      | Gained mutation: You occasionally shout uncontrollably at your foes. [mutagenic meat]
  7555 | D:7      | Gained mutation: Your tail ends in a poisonous barb. [mutagenic meat]
  7556 | D:7      | Gained mutation: Your tail ends in a sharp poisonous barb. [mutagenic meat]
  7557 | D:7      | Gained mutation: Your large and strong wings let you fly indefinitely. [mutagenic meat]
  7606 | D:7      | Found a deep blue altar of Sif Muna.
  7613 | D:7      | Learned a level 4 spell: Animate Dead
  7630 | D:7      | Identified Sif Muna's Almanac of Summoning
  7879 | D:7      | Found a shimmering altar of Xom.
  8192 | D:8      | Upgraded the game from 0.20-b1-18-gaa2fd62 to 0.20-b1-24-gb21faa7
  8240 | D:8      | Reached * piety under Vehumet
  8240 | D:8      | Offered knowledge of Flame Tongue by Vehumet.
  8240 | D:8      | Reached skill level 5 in Air Magic
  8247 | D:8      | Learned a level 1 spell: Flame Tongue
  8340 | D:8      | Reached XP level 9. HP: 58/67 MP: 15/19
  8521 | D:8      | Found a hazy altar of Hepliaklqana.
  8595 | D:8      | Slain by an orc warrior

Skill      XL: |  1  2  3  4  5  6  7  8  9 |
---------------+----------------------------+-----
Air Magic      | 1 2 3 5 |  5.1
Dodging        | 2 3 |  3.6
Short Blades   | 1 |  1.3
Stealth        | 2 |  2.3
Spellcasting   | 3 4 5 7 |  7.1
Poison Magic   | 4 5 6 7 |  7.0
Fighting       | 1 2 |  2.1
Conjurations   | 2 |  2.7
Polearms       | 1 |  1.8
Necromancy     | |  0.4
Fire Magic     | |  0.2

Action                   |  1- 3 |  4- 6 |  7- 9 || total
-------------------------+-------+-------+-------++-------
Melee: Unarmed           |     2 |       |       ||     2
       Dagger            |    66 |    23 |       ||    89
       Tailslap          |     9 |     5 |     8 ||    22
       Trident           |       |    20 |   151 ||   171
 Fire: Hunting sling     |       |       |    11 ||    11
 Cast: Sting             |    40 |    15 |    42 ||    97
       Poisonous Vapours |    24 |    38 |    60 ||   122
       Olgreb's Toxic Ra |       |       |     3 ||     3
       Mephitic Cloud    |       |       |     2 ||     2
       Animate Dead      |       |       |     1 ||     1
       Flame Tongue      |       |       |     7 ||     7
 Abil: Breathe Dispellin |       |       |     1 ||     1
       Fly               |       |       |     1 ||     1
       Stop Flying       |       |       |     1 ||     1
  Use: Scroll            |     2 |     8 |     8 ||    18
  Eat: Chunk             |     4 |     6 |    16 ||    26
       Bread ration      |     1 |     1 |       ||     2
       Meat ration       |       |       |     2 ||     2
       Fruit             |       |       |     2 ||     2
Armor: Skin              |    14 |     6 |    53 ||    73
Dodge: Dodged            |    66 |    35 |   130 ||   231
